 Dungeon Crawl Stone Soup version 0.18.1-48-g4cf74bf (webtiles) character file.

23 Lennu the Insei (level 3, 18/18 HPs)
             Began as a Vine Stalker Transmuter on July 11, 2016.
             Quit the game on level 1 of the Dungeon.
             The game lasted 00:01:58 (452 turns).

Lennu the Insei (Vine Stalker Transmuter)            Turns: 452, Time: 00:01:58

Health: 18/18      AC:  2    Str: 13    XL:     3   Next: 0%
Magic:  5/7        EV: 12    Int: 13    God:
Gold:   16         SH:  0    Dex: 14    Spells: 1 memorised, 5 levels left

rFire  x . .     SeeInvis .       - Unarmed
rCold  + . .     Gourm    .     b - +0 robe
rNeg   . . .     Faith    .     (no shield)
rPois  .         Spirit   +     (no helmet)
rElec  .         Dismiss  .     (no cloak)
rCorr  .         Reflect  .     (no gloves)
SustAt .         Harm     .     (no boots)
MR     .....                    (no amulet)
Stlth  +.........               (no ring)
                                i - ring of ice

@: appendage (expiring), not resistant to hostile enchantments, very unstealthy
A: fangs 2, horns 2, regeneration 1, magic shield, antimagic bite, no device
heal 3, rot immunity
a: End Transformation


You were on level 1 of the Dungeon.
You were not hungry.
You had grown temporary horns.
You visited 1 branch of the dungeon, and saw 1 of its levels.

You collected 16 gold pieces.

Inventory:

Missiles
 a - 12 arrows
Armour
 b - a +0 robe (worn)
 k - a +0 pair of boots
Jewellery
 i - a ring of ice (left hand)
Scrolls
 g - a scroll of fear {unknown}
 j - a scroll of recharging {unknown}
Potions
 e - a potion of heal wounds {unknown}
 h - a potion of agility {unknown}
Books
 c - a book of Changes

   Spells                             Type                      Level
   a - Beastly Appendage              Transmutation                1
   b - Sticks to Snakes               Transmutation                2
   c - Spider Form                    Transmutation/Poison         3
   d - Ice Form                       Ice/Transmutation            4
   e - Blade Hands                    Transmutation                5
Comestibles
 d - a bread ration
 f - 3 chunks of flesh
 l - a meat ration


   Skills:
 * Level 1.0 Fighting
 * Level 0.2 Armour
 * Level 1.9 Dodging
 * Level 0.3 Stealth
 * Level 3.4 Unarmed Combat
 + Level 2.3 Spellcasting
 * Level 2.1 Transmutations


You had 5 spell levels left.
You knew the following spells:

 Your Spells              Type           Power        Failure   Level  Hunger
a - Beastly Appendage     Trmt           #.....       12%         1    #......


Dungeon Overview and Level Annotations

Branches:
Dungeon (1/15)

Altars:


Innate Abilities, Weirdness & Mutations

You have extremely sharp teeth.
Your natural rate of healing is unusually fast.
When hurt, damage is shared between your health and your magic reserves.
Your bite disrupts and absorbs the magic of your enemies.
Potions and wands cannot restore your health.
You are immune to rotting.
You have a pair of horns on your head.


Message History

You grow a pair of large bovine horns.
The hobgoblin shouts!
A giant gecko comes into view.
A kobold comes into view. It is wielding a dagger.
Your transformation is almost over.
The kobold shouts!
The hobgoblin closely misses you.
Found a scroll labeled JYEGHA OLLIG and a scroll labeled BAIRAC XA BOM.
You hit the hobgoblin but do no damage. Your headbutt misses the hobgoblin.
The hobgoblin misses you.
You hit the hobgoblin. You headbutt the hobgoblin.
You kill the hobgoblin!
You have reached level 3!
Your experience leads to an increase in your attributes!
Increase (S)trength, (I)ntelligence, or (D)exterity?
You feel stronger.
Unknown command.
Welcome back, Lennu the Vine Stalker Transmuter.
Press ? for a list of commands and other information.
Are you sure you want to abandon this character and quit the game? (Confirm with "yes".)

#.....?.?..#
#..........#
#..........#
#...l.[....#
#..........###
#...K.......##########
##....)....#..........#
#.....@.....#########..
#.............. ...####
#............# ...##
#............#######.#.
#......................
##.............####..#.
##......###...#....###
#.......###....#### #
#.....#........# #


You could see a giant gecko and a kobold.

Vanquished Creatures
  An ooze (D:1)
  A dart slug (D:1)
  A ball python (D:1)
  A bat (D:1)
  A giant cockroach (D:1)
  A goblin (D:1)
  5 hobgoblins (D:1)
  2 kobolds (D:1)
  2 rats (D:1)
15 creatures vanquished.

Notes
Turn   | Place    | Note
--------------------------------------------------------------
     0 | D:1      | Lennu the Vine Stalker Transmuter began the quest for the Orb.
     0 | D:1      | Reached XP level 1. HP: 9/9 MP: 4/4
   139 | D:1      | Reached skill level 1 in Fighting
   139 | D:1      | Reached XP level 2. HP: 10/14 MP: 3/6
   451 | D:1      | Reached XP level 3. HP: 18/18 MP: 5/7
   452 | D:1      | Quit the game

Skill      XL: |  1 |
---------------+----+-----
Fighting       | 1 |  1.0
Armour         | |  0.2
Dodging        | |  1.9
Stealth        | |  0.3
Unarmed Combat | |  3.4
Spellcasting   | |  2.3
Transmutations | |  2.1

Action                   || total
-------------------------++-------
Melee: Unarmed           ||    45
       Kick              ||     8
       Bite              ||     4
       Headbutt          ||     2
       Punch             ||     1
 Cast: Beastly Appendage ||    10
Armor: Robe              ||    10
Dodge: Dodged            ||    28
